 Dungeon Crawl Stone Soup version 0.17.0-23-g0de4337 (webtiles) character file.

60 dvd the Chiller (level 4, -1/27 HPs)
             Began as an Octopode Ice Elementalist on Nov 14, 2015.
             Was an Initiate of Ashenzari.
             Slain by Grinder (5 damage)
             ... on level 3 of the Dungeon.
             The game lasted 00:06:11 (1954 turns).

dvd the Chiller (Octopode Ice Elementalist)         Turns: 1954, Time: 00:06:11

Health: -1/27      AC:  6    Str:  7    XL:     4   Next: 6%
Magic:  1/8        EV: 12    Int: 18    God:    Ashenzari [......]
Gold:   41         SH:  0    Dex: 12    Spells: 3 memorised, 2 levels left

rFire  . . .     SeeInvis .     s - +0 dagger
rCold  . . .     Clarity  .     (no shield)
rNeg   . . .     SustAt   .     (helmet restricted)
rPois  .         Gourm    .     (no amulet)
rElec  .         Spirit   .     (no ring)
rCorr  .         Warding  .     (no ring)
rMut   .         Stasis   .     (no ring)
MR     .....                    (no ring)
Stlth  +++.......               (no ring)
                                (no ring)
                                (no ring)
                                (no ring)

@: icy armour, not resistant to hostile enchantments, fairly stealthy
A: almost no armour, amphibious, 8 rings, constrict 8, camouflage 1, gelatinous
body 1
a: Renounce Religion


You were on level 3 of the Dungeon.
You worshipped Ashenzari.
Ashenzari was noncommittal.
You were not hungry.

You visited 1 branch of the dungeon, and saw 3 of its levels.

You collected 41 gold pieces.

Inventory:

Hand Weapons
 i - a +0 dagger
 s - a +0 dagger (weapon)
Missiles
 f - 38 sling bullets
 g - 2 tomahawks (quivered)
 t - 17 stones
Scrolls
 c - a scroll of fear {unknown}
 d - 7 scrolls of identify {unknown}
 e - a scroll of enchant weapon {unknown}
 j - 2 scrolls of noise {unknown}
 n - a scroll of magic mapping {unknown}
 o - a scroll of random uselessness {unknown}
 p - a scroll of teleportation {unknown}
Potions
 h - 2 potions of heal wounds {unknown}
 l - a potion of magic {unknown}
 m - a potion of curing {unknown}
 r - a potion of brilliance {unknown}
Books
 a - a book of Frost

   Spells                             Type                      Level
   a - Freeze                         Ice                          1
   b - Throw Frost                    Conjuration/Ice              2
   c - Ozocubu's Armour               Charms/Ice                   3
   d - Throw Icicle                   Conjuration/Ice              4
   e - Summon Ice Beast               Ice/Summoning                4
   f - Condensation Shield            Ice                          4
Comestibles
 b - 5 bread rations
 k - a meat ration


   Skills:
 + Level 0.2 Fighting
 + Level 0.2 Short Blades
 + Level 2.2 Dodging
 + Level 3.4 Stealth
 + Level 2.7 Spellcasting
 + Level 1.0 Conjurations
 + Level 3.7 Ice Magic


You had 2 spell levels left.
You knew the following spells:

 Your Spells              Type           Power        Failure   Level  Hunger
a - Freeze                Ice            ###.         4%          1    None
b - Throw Frost           Conj/Ice       ##....       12%         2    ##.....
c - Ozocubu's Armour      Chrm/Ice       #.......     24%         3    ###....


Dungeon Overview and Level Annotations

Branches:
Dungeon (3/15)

Altars:
Ashenzari
Fedhas

Annotations:
D:2 exclusion: oklob plant
D:3 Grinder


Innate Abilities, Weirdness & Mutations

You cannot wear most types of armour.
You are amphibious.
You can wear up to eight rings at the same time.
You can use your tentacles to constrict eight enemies at once.
Your skin changes colour to match your surroundings (Stealth).
Your rubbery body absorbs attacks (AC +1).


Message History

Aiming: Freeze
Press: ? - help, Shift-Dir - straight line, f/p - Grinder
Aim: Grinder (heavily wounded, constricted by you)
You freeze Grinder.
Grinder resists.
Grinder is heavily wounded.
You constrict Grinder. Grinder gestures at you. Pain shoots through your body!
* * * LOW HITPOINT WARNING * * *
Casting: Freeze
Confirm with . or Enter, or press ? or * to list all spells.
Aiming: Freeze
Press: ? - help, Shift-Dir - straight line, f/p - Grinder
Aim: Grinder (heavily wounded, constricted by you)
You freeze Grinder.
Grinder completely resists.
Grinder is heavily wounded.
You constrict Grinder. Grinder hits you.
* * * LOW HITPOINT WARNING * * *
You writhe in agony.
You die...

#....
#...#
#...#
#..$#
##...#
#.###...<#
#.......#
#.###..#.#
#@.#...
#5.....#
#.####.#
#.# .# #.#
.# #.# #.#
#.#


You could see Grinder.

Vanquished Creatures
  3 adders (D:2)
  3 giant geckos
  A hobgoblin (D:1)
  8 kobolds
  6 bats
  3 giant newts
  8 goblins
  4 jackals (D:1)
36 creatures vanquished.

Notes
Turn   | Place    | Note
--------------------------------------------------------------
     0 | D:1      | dvd the Octopode Ice Elementalist began the quest for the Orb.
     0 | D:1      | Reached XP level 1. HP: 11/11 MP: 3/3
   344 | D:1      | Reached XP level 2. HP: 12/17 MP: 3/5
   348 | D:1      | Learned a level 2 spell: Throw Frost
  1114 | D:2      | Found a shattered altar of Ashenzari.
  1128 | D:2      | Became a worshipper of Ashenzari the Shackled
  1142 | D:2      | Reached XP level 3. HP: 17/21 MP: 6/6
  1148 | D:2      | Learned a level 3 spell: Ozocubu's Armour
  1499 | D:2      | Found a faded altar to an unknown god.
  1667 | D:2      | Reached XP level 4. HP: 27/27 MP: 0/8
  1843 | D:2      | Found a blossoming altar of Fedhas.
  1855 | D:2      | Noticed an oklob plant
  1941 | D:3      | Noticed Grinder
  1954 | D:3      | Slain by Grinder

Action                   |  1- 3 |  4- 6 || total
-------------------------+-------+-------++-------
Melee: Unarmed           |    11 |       ||    11
       Dagger            |    27 |    14 ||    41
Throw: Tomahawk          |     1 |       ||     1
 Cast: Freeze            |    19 |     5 ||    24
       Throw Frost       |     6 |       ||     6
       Ozocubu's Armour  |     2 |     1 ||     3
 Stab: Sleeping          |    10 |     2 ||    12
  Eat: Chunk             |     3 |     1 ||     4
